 Dungeon Crawl Stone Soup version 0.27.1-4-g1640c2035a (webtiles) character file.

Game seed: 14036657070674077683

114 Stomo444 the Skirmisher (level 4, -5/25 HPs)
             Began as a Vine Stalker Monk on Nov 9, 2021.
             Killed by divine providence
             ... invoked by an orc priest
              (11 damage)
             ... on level 3 of the Dungeon.
             The game lasted 00:02:21 (3470 turns).

Stomo444 the Skirmisher (Vine Stalker Monk)         Turns: 3470, Time: 00:02:22

Health: -5/25      AC:  2    Str: 14    XL:     4   Next: 98%
Magic:  0/5        EV: 13    Int: 16    God:
Gold:   46         SH:  0    Dex: 17    Spells: 3/3 levels left

rFire    . . .     SeeInvis .   a - +0 mace
rCold    . . .     Faith    .   (no shield)
rNeg     . . .     Spirit   +   b - +0 robe
rPois    .         Reflect  .   (no helmet)
rElec    .         Harm     .   (no cloak)
rCorr    .         Rampage  .   (no gloves)
Will     .....                  (no boots)
Stlth    ++........             (no amulet)
HPRegen  1.08/turn              c - +6 ring of intelligence
MPRegen  0.09/turn              (no ring)

@: no status effects
A: fangs 2, regeneration 1, magic shield, antimagic bite, no potion heal 2
a: no special abilities


You were on level 3 of the Dungeon.
You visited 1 branch of the dungeon, and saw 3 of its levels.

You collected 46 gold pieces.

Inventory:

Hand Weapons
 a - a +0 mace (weapon)
 k - a +0 whip
Armour
 b - a +0 robe (worn)
Jewellery
 c - a +6 ring of intelligence (left hand)
Scrolls
 d - a scroll of enchant weapon {unknown}
 e - a scroll of teleportation {unknown}
 f - a scroll of immolation {unknown}
 h - a scroll of magic mapping {unknown}
 i - a scroll of blinking {unknown}
 j - a scroll of holy word {unknown}
 l - a scroll of amnesia {unknown}
 m - a scroll of identify {unknown}
 n - 3 scrolls of enchant armour {unknown}
 o - a scroll of brand weapon {unknown}
Potions
 g - a potion of lignification {unknown}


   Skills:
 * Level 3.7 Fighting
 * Level 3.7 Maces & Flails
 + Level 3.0 Dodging
 - Level 2.4 Stealth


You had 3 spell levels left.
You didn't know any spells.
Your spell library was empty.

Dungeon Overview and Level Annotations

Branches:
Dungeon (3/15)

Altars:

Annotations:
D:3 1 runed translucent door


Innate Abilities, Weirdness & Mutations

You have extremely sharp teeth.
Your natural rate of healing is unusually fast.
When hurt, damage is shared between your health and your magic reserves.
Your bite disrupts and absorbs the magic of your enemies.
Potions cannot restore your health.


Message History

No target in view!
No target in view!
No target in view!
No target in view!
No target in view!
No target in view!
No target in view!
o - a scroll labelled FITWYMY IKUX An orc comes into view.
It is wielding a +0 flail.
The orc moves out of view.
An orc is nearby!
An orc is nearby!
An orc priest comes into view. It is wielding a +0 hand axe.
An orc comes into view. It is wielding a +0 flail.
The orc priest shouts!
The orc hits you with a +0 flail.
An orc comes into view. It is wielding a +0 hand axe.
The orc priest calls down the wrath of Beogh upon you.
Beogh smites you!
You hear a shout!
Unknown command.
The orc shouts!
You hit the orc.
The orc is almost dead.
The orc misses you.
You completely miss the orc. Your bite misses the orc.
The orc is almost dead.
The orc misses you.
You closely miss the orc.
The orc is almost dead.
The orc hits you with a +0 flail.
The orc priest calls down the wrath of Beogh upon you.
Beogh smites you!
* * * LOW HITPOINT WARNING * * *
Unknown command.
The orc hits you with a +0 flail.
* * * LOW HITPOINT WARNING * * *
The orc priest mumbles some strange prayers to Beogh against you.
Beogh smites you!
You die...

.......#...........#
.......#...........####
.......#..............#
........#........†..#
#......#.###.......#
.........#.#.#.##.## #
#.##....#...#.# .##.#
#.#####...##.#.#.##....#..
..........<...@.o.o.o.....
+##..##).#.###.#o###.##...
.K##.##.##.###.#.# # #.
#........##.#.#
#####.#..##.#.#
#.#..##.#.. ...
#†#...#.### #.#
#.##.##.#####.###
#.......#.......#


You could see an orc priest and 3 orcs.

Vanquished Creatures
  3 gnolls (D:3)
  2 adders (D:3)
  4 worms (D:2)
  5 endoplasms
  3 giant cockroaches
  6 goblins
  3 hobgoblins
  5 jackals
  6 kobolds
  2 quokkas
  3 ball pythons
  6 bats
  5 frilled lizards
  A rat (D:2)
54 creatures vanquished.

Notes
Turn   | Place    | Note
-------+----------+-------------------------------------------
     0 | D:1      | Stomo444 the Vine Stalker Monk began the quest for the Orb.
     0 | D:1      | Reached XP level 1. HP: 11/11 MP: 2/2
   345 | D:1      | Reached XP level 2. HP: 13/16 MP: 3/3
  1556 | D:2      | Reached XP level 3. HP: 17/20 MP: 4/4
  2835 | D:2      | Found a faded altar of an unknown god.
  3198 | D:3      | Gained mutation: Your natural rate of healing is unusually
                  | fast. [Vine Stalker growth]
  3198 | D:3      | Reached XP level 4. HP: 22/24 MP: 3/5
  3437 | D:3      | Found a runed translucent gate.
  3470 | D:3      | Killed from afar by an orc priest

Illustrated notes

Levels and vault maps discovered:
D:1:      dpeg_arrival_pond, layout_basic, serial_forest,
          infiniplex_forest_clump_medium, infiniplex_forest_straight_3,
          infiniplex_forest_clump_tiny, infiniplex_forest_clump_long,
          infiniplex_forest_straight_4, infiniplex_forest_lined_corner,
          infiniplex_forest_zigzag_1
D:2:      layout_basic, shapermc_ecumenical_altar_pompeii
D:3:      layout_basic, mainiacjoe_overflow_brackets,
          gammafunk_ghost_nasty_kobolds

Skill      XL: |  1  2  3  4 |
---------------+-------------+-----
Fighting       | 3 |  3.7
Maces & Flails | 3 |  3.7
Dodging        | 3 |  3.0
Stealth        | |  2.4

Action                   |  1- 3 |  4- 6 || total
-------------------------+-------+-------++-------
Melee: Mace              |   106 |    49 ||   155
       Bite              |    25 |    12 ||    37
 Stab: Sleeping          |    13 |       ||    13
Armor: Robe              |    15 |     6 ||    21
Dodge: Dodged            |    79 |    44 ||   123
